 Dungeon Crawl Stone Soup version bcrawl-1.13.5 (webtiles) character file.

Game seed: 13604663075298178619

95294 Anmu the Devastator (level 16, 0/86 HPs)
             Began as a Fairy Conjurer on Sept 1, 2019.
             Was the Champion of Sif Muna.
             Succumbed to a swamp dragon's poison gas
             ... on level 3 of the Swamp.
             The game lasted 01:32:47 (20952 turns).

Anmu the Devastator (Fairy Conjurer)               Turns: 20952, Time: 01:32:47

Health: 0/86       AC: 16    Str:  6    XL:     16   Next: 13%
Magic:  39/39      EV: 32    Int: 33    God:    Sif Muna [******]
Gold:   1351       SH: 16    Dex: 20    Spells: 26/50 levels left

rFire    . . .     SeeInvis .   (weapon restricted)
rCold    + . .     Gourm    .   N - +1 buckler of the Crown {rF- Int+9}
rNeg     . . .     Faith    .   (armour unavailable)
rPois    .         Spirit   .   P - +2 hat "Kaeqawat" {rElec rF+ Stlth+}
rElec    +         Reflect  .   p - +2 cloak {rC+}
rCorr    .         Harm     .   J - +2 pair of gloves
MR       ++...     Clarity  +   (no boots)
Stlth    +++.......             A - amulet of magic regeneration
HPRegen  0.24/turn              k - ring of protection from magic
MPRegen  0.51/turn              x - +5 ring of dexterity

@: lethally poisoned (0 -> -9), about to teleport, flying evasively
A: small, magic attunement, unstealthy, unfitting armour, clarity, MP-powered
wands, able to fly, AC/SH +8
a: Stop Flying, Divine Energy, Channel Magic, Forget Spell, Renounce Religion


You were on level 3 of the Swamp.
You worshipped Sif Muna.
Sif Muna was exalted by your worship.
You were not hungry.

You visited 5 branches of the dungeon, and saw 21 of its levels.
You also visited: Ice Cave.

You collected 1447 gold pieces.
You spent 96 gold pieces at shops.

Inventory:

Hand Weapons
 q - a +4 quarterstaff of flaming
 G - a +0 morningstar of protection
Armour
 p - a +2 cloak of cold resistance (worn)
 J - a +2 pair of gloves (worn)
 N - the +1 buckler of the Crown (worn) {rF- Int+9}
   (You found it on level 1 of the Lair of Beasts)

   It affects your intelligence (+9).
   It makes you vulnerable to fire.
 P - the +2 hat "Kaeqawat" (worn) {rElec rF+ Stlth+}
   (You found it on level 4 of the Lair of Beasts)

   It protects you from fire.
   It insulates you from electricity.
   It makes you more stealthy.
Jewellery
 g - an uncursed ring of protection from cold
 k - a ring of protection from magic (left hand)
 u - an uncursed ring of protection from magic
 x - a +5 ring of dexterity (right hand)
 A - an amulet of magic regeneration (around neck)
 E - an uncursed ring of magical power
Wands
 f - a wand of iceblast (14)
 h - a wand of clouds (1)
 r - a wand of enslavement (19)
 v - a wand of random effects (27)
 w - a wand of polymorph (22)
 D - a wand of paralysis (6)
 M - a wand of disintegration (26)
 O - a wand of scattershot (2)
 R - a wand of acid (5)
Scrolls
 c - 13 scrolls of remove curse
 d - 3 scrolls of identify
 e - 3 scrolls of fear
 i - 4 scrolls of amnesia
 j - 2 scrolls of enchant armour
 l - 4 scrolls of immolation
 n - a scroll of vulnerability
 o - 2 scrolls of fog
 H - 2 scrolls of teleportation
Potions
 m - 4 potions of berserk rage
 s - 2 potions of heal wounds
 t - 3 potions of agility
 C - a potion of brilliance
 I - 2 potions of curing
 K - 2 potions of resistance
 L - 2 potions of might
 T - a potion of haste
 V - a potion of cancellation
Miscellaneous
 S - a lamp of fire
Comestibles
 b - 37 rations {!d}


   Skills:
 * Level 15.7 Dodging
 + Level 3.9 Stealth
 + Level 4.5 Shields
 + Level 17.9 Spellcasting
 + Level 18.1 Conjurations
 + Level 4.2 Charms
 * Level 8.8 Necromancy
 + Level 0.2 Translocations
 + Level 4.7 Fire Magic
 + Level 6.3 Air Magic
 + Level 0.8 Evocations


You had 26 spell levels left.
You knew the following spells:

 Your Spells              Type           Power        Failure   Level  Hunger
a - Shock                 Conj/Air       #####        0%          1    None
b - Iskenderun's Mystic   Conj           #######.     0%          3    None
c - Bolt of Draining      Conj/Necr      #######...   1%          5    None
d - Mephitic Cloud        Conj/Pois/Air  ######..     1%          3    None
e - Iskenderun's Battles  Conj/Chrm      #######.     1%          5    None
f - Fireball              Conj/Fire      #######...   1%          5    None
g - Blink                 Tloc           N/A          1%          2    None

Your spell library contained the following spells:

 Spells                   Type           Power        Failure   Level  Hunger
 Flame Tongue             Conj/Fire      #####        0%          1    None
 Magic Dart               Conj           ####         0%          1    None
 Searing Ray              Conj           ######       0%          2    None
 Animate Skeleton         Necr           N/A          1%          1    None
 Freeze                   Ice            ####..       1%          1    None
 Infusion                 Chrm           ######..     1%          1    None
 Pain                     Necr           ####         1%          1    None
 Sandblast                Erth           ####..       1%          1    None
 Slow                     Hex            ####....     1%          1    None
 Sting                    Conj/Pois      ####         1%          1    None
 Summon Small Mammal      Summ           ####         1%          1    None
 Poisonous Vapours        Pois/Air       ######       1%          2    None
 Song of Slaying          Chrm           ######..     1%          2    None
 Sublimation of Blood     Necr           ######....   1%          2    None
 Swiftness                Chrm/Air       ######..     1%          2    None
 Throw Frost              Conj/Ice       ######       1%          2    None
 Conjure Flame            Conj/Fire      #######.     1%          3    None
 Dazzling Spray           Conj/Hex       ######       1%          3    None
 Inner Flame              Hex/Fire       N/A          1%          3    None
 Ozocubu's Armour         Chrm/Ice       #####...     1%          3    None
 Regeneration             Chrm/Necr      ######....   1%          3    None
 Spectral Weapon          Hex/Chrm       #####...     1%          3    None
 Static Discharge         Air            ######..     1%          3    None
 Vampiric Draining        Necr           ######....   1%          3    None
 Airstrike                Air            ######....   1%          4    None
 Animate Dead             Necr           N/A          1%          4    None
 Fulminant Prism          Conj/Hex       ######....   1%          4    None
 Sticky Flame             Conj/Fire      #######.     1%          4    None
 Throw Icicle             Conj/Ice       ######..     1%          4    None
 Agony                    Necr           ######..     1%          5    None
 Irradiate                Conj/Tmut      ######....   1%          5    None
 Lightning Bolt           Conj/Air       #######...   1%          5    None
 Venom Bolt               Conj/Pois      ######....   1%          5    None
 Bolt of Fire             Conj/Fire      #######...   1%          6    None
 Conjure Ball Lightning   Conj/Air       #######...   1%          6    None
 Orb of Destruction       Conj           #######...   1%          7    None
 Call Imp                 Summ           ####....     2%          2    None
 Ensorcelled Hibernation  Hex/Ice        ####..       2%          2    None
 Ignite Poison            Fire/Tmut/Pois #####...     2%          3    None
 Call Canine Familiar     Summ           ####....     4%          3    None
 Recall                   Summ/Tloc      N/A          4%          3    None
 Spider Form              Tmut/Pois      ###          4%          3    None
 Bolt of Cold             Conj/Ice       ######....   5%          6    None
 Iron Shot                Conj/Erth      ######....   5%          6    None
 Poison Arrow             Conj/Pois      ######....   5%          6    None
 Death Channel            Necr           ######....   6%          6    None
 Piercing Shot            Chrm           ######....   7%          5    None
 Freezing Cloud           Conj/Ice/Air   ######....   8%          6    None
 Summon Lightning Spire   Summ/Air       ######..     11%         5    None
 Summon Ice Beast         Ice/Summ       ####....     14%         4    None
 Yara's Violent Unravell  Hex/Tmut       ####......   14%         4    None
 Deflect Missiles         Chrm/Air       ######....   24%         6    None
 Mana Rupture             Conj/Hex       ######....   28%         7    None
 Spellforged Servitor     Conj/Summ      ######....   28%         7    None
 Borgnjor's Vile Clutch   Necr/Erth      ######....   34%         6    None
 Simulacrum               Ice/Necr       ######....   34%         6    None
 Lee's Rapid Deconstruct  Erth           ####......   36%         5    None
 Metabolic Englaciation   Hex/Ice        ####......   36%         5    None
 Summon Demon             Summ           ####......   36%         5    None
 Tree Form                Hex/Tmut       N/A          36%         5    None
 Chain Lightning          Conj/Air       #######...   52%         8    None
 Ring of Flames           Chrm/Fire      ######....   88%         7    None
 Haunt                    Necr/Summ      ######....   89%         7    None
 Darkness                 Hex            ####......   91%         6    None
 Shadow Creatures         Summ           N/A          91%         6    None
 Summon Hydra             Summ           ####......   91%         6    None
 Lehudib's Crystal Spear  Conj/Erth      ######....   92%         8    None
 Borgnjor's Revivificati  Necr           ######....   94%         8    None
 Glaciate                 Conj/Ice/Air   ######....   97%         8    None
 Summon Greater Demon     Summ           ####......   100%        7    None
 Ignition                 Fire           ######....   100%        8    None
 Necromutation            Tmut/Necr      ######..     100%        8    None
 Time Stop                Chrm/Tloc      N/A          100%        8    None
 Shatter                  Erth           ####......   100%        9    None


Dungeon Overview and Level Annotations

Branches:
Dungeon (10/12)            Temple (1/1) D:4            Lair (6/6) D:7
  Swamp (3/3) Lair:4       Spider (0/3) Lair:4        Slime (0/5) Lair:5
    Orc (1/1) D:10
    Elf: Orc:1

Altars:
Ashenzari
Cheibriados
Dithmenos
Elyvilon
Fedhas
Gozag
Hepliaklqana
Kikubaaqudgha
Lugonu
Makhleb
Nemelex Xobeh
Okawaru
Qazlal
Ru
Sif Muna
Trog
Uskayaw
Vehumet
Wu Jian
Xom
Yredelemnul
Zin
The Shining One
Jiyva

Shops:
D:5 (   D:6 !   D:7 *   D:8 [[}(   D:9 (

Annotations:
Swamp:3 Lernaean hydra


Innate Abilities, Weirdness & Mutations

Your spells do not cause hunger and MP costs are reduced by 1.
Your bright wings attract enemies. (Stealth-)
You cannot fit into any form of body armour.
Your shimmering scales are hard and can block incoming attacks. (AC +8, SH +8)
You are small and have problems with some larger weapons.
You can fly continuously.
You possess an exceptional clarity of mind.
You expend magic power (3 MP) to strengthen your wands.


Message History

* * * LOW HITPOINT WARNING * * *
The 27-headed Lernaean hydra bites you but does no damage. x2
The 27-headed Lernaean hydra bites you.
* * * LOW HITPOINT WARNING * * *
The 27-headed Lernaean hydra completely misses you.
The 27-headed Lernaean hydra bites you but does no damage.
The 27-headed Lernaean hydra misses you.
The 27-headed Lernaean hydra bites you but does no damage.
The 27-headed Lernaean hydra misses you.
The 27-headed Lernaean hydra bites you but does no damage.
The 27-headed Lernaean hydra barely misses you.
The 27-headed Lernaean hydra bites you!
* * * LOW HITPOINT WARNING * * *
The alligator is engulfed in noxious fumes.
The alligator appears confused.
The alligator completely misses you. The alligator barely misses you.
As you read the scroll of teleportation, it crumbles to dust.
You feel strangely unstable.
You are engulfed in noxious fumes.
You choke on the stench!
You feel momentarily confused.
You die...

## ## ###.###≈. ##
## ##≈##.... ≈##≈#
.#≈≈≈.#..###≈..≈#
#≈≈≈≈.≈.§.≈....≈#
##...≈..≈.#≈#≈≈≈##
.≈≈≈##≈.≈≈t#°..≈≈#
.......≈..D@°.≈≈#
#.≈≈≈≈≈.#≈#k°≈...#
≈.#≈≈.≈.≈.≈##≈≈.≈.#
≈ #.≈≈#..≈## #.§≈##
###.≈≈≈.. ##.#
≈#≈.≈≈≈# #
≈≈≈≈#≈§≈≈.
.≈≈.≈.≈≈≈≈≈
##≈≈.≈.≈≈≈


You could see the 27-headed Lernaean hydra, an alligator (confused) and a swamp
drake.

Vanquished Creatures
  Gastronok (D:8)
  A frost giant (IceCv)
  2 very ugly things (Swamp:1)
  The ghost of weresquid the Pandemonic, a journeyman DsAc of Makhleb (Lair:5)
  15 hydras
  2 shambling mangroves (Swamp:2)
  2 anacondas
  2 ghost crabs
  2 two-headed ogres
  6 death yaks (Lair:5)
  A queen ant (Lair:5)
  4 alligators
  A death drake (Swamp:3)
  8 swamp dragons
  3 ugly things
  A wolf spider (D:9)
  4 oklob plants
  Maurice (D:8)
  5 elephants (Lair:6)
  Joseph (D:7)
  10 black mambas
  2 ice statues (IceCv)
  2 gargoyles (D:10)
  26 cane toads
  A centaur skeleton (D:10)
  A rime drake (Lair:6)
  An efreet (D:8)
  6 komodo dragons
  4 trolls
  Grinder (D:6)
  19 polar bears
  10 hornets
  8 hippogriffs
  7 tyrant leeches
  4 dream sheep (Lair:6)
  2 bog bodies
  21 slime creatures (Swamp:1)
  16 blink frogs
  A wyvern (Lair:2)
  6 spriggans
  38 yaks
  2 basilisks
  Grum (D:10)
  10 vampire mosquitoes
  2 wargs (D:7)
  Menkaure (D:7)
  A steam dragon (D:7)
  7 swamp worms
  15 soldier ants (Lair:5)
  6 insubstantial wisps (Swamp:1)
  14 water moccasins
  5 porcupines
  Duvessa (D:7)
  8 swamp drakes
  3 black bears
  4 orc warriors
  4 sky beasts
  2 ice beasts
  A phantom (D:9)
  A necrophage (D:6)
  18 wolves
  7 ogres
  9 centaurs
  12 crocodiles
  15 bullfrogs
  6 big kobolds
  6 gnoll sergeants
  Dowan (D:7)
  3 water moccasin zombies
  7 scorpions
  3 wights (D:7)
  2 electric eels (Lair:6)
  3 crimson imps
  2 hounds
  2 jellies
  Crazy Yiuf (D:6)
  2 gnoll shamans
  4 orc priests
  9 orc wizards
  4 iguanas
  35 worker ants
  A killer bee zombie (D:5)
  2 hound zombies (D:9)
  A howler monkey zombie (D:8)
  A worker ant zombie (D:8)
  12 gnolls
  13 adders
  A shadow imp (D:6)
  An adder zombie (D:6)
  2 oozes
  An adder skeleton (D:5)
  2 worms
  2 dart slugs (D:3)
  6 leopard geckos
  30 orcs
  A giant cockroach (D:1)
  9 goblins
  6 hobgoblins
  6 jackals
  14 kobolds
  2 quokkas
  A ball python (D:4)
  9 bats
  3 frilled lizards
  A leopard gecko skeleton (D:4)
  A rat (D:2)
  A fungus (Lair:3)
  4 plants
621 creatures vanquished.

Vanquished Creatures (others)
  An alligator (Swamp:2)
  A death drake (Swamp:2)
  A wizard (D:4)
  3 ugly things (Swamp:2)
  A cane toad (Swamp:2)
  12 fungi
  39 plants
58 creatures vanquished.

Grand Total: 679 creatures vanquished

Notes
Turn   | Place    | Note
-------+----------+-------------------------------------------
     0 | D:1      | Anmu the Fairy Conjurer began the quest for the Orb.
     0 | D:1      | Reached XP level 1. HP: 11/11 MP: 6/6
    45 | D:1      | Reached skill level 5 in Conjurations
    73 | D:1      | Reached XP level 2. HP: 17/17 MP: 7/7
   347 | D:1      | Reached XP level 3. HP: 21/21 MP: 9/9
   353 | D:1      | Learned a level 3 spell: Iskenderun's Mystic Blast
   983 | D:2      | Noticed a scorpion
   999 | D:2      | Killed a scorpion
   999 | D:2      | Reached skill level 6 in Conjurations
   999 | D:2      | Reached XP level 4. HP: 27/27 MP: 2/11
  1175 | D:3      | Reached XP level 5. HP: 31/31 MP: 5/12
  1287 | D:3      | Noticed a sky beast
  1290 | D:3      | Killed a sky beast
  1290 | D:3      | Reached XP level 6. HP: 36/36 MP: 6/14
  1724 | D:3      | Gained mutation: You have large cloven feet. [potion of
                  | mutation]
  1724 | D:3      | Gained mutation: You have a pair of small horns on your
                  | head. [potion of mutation]
  1724 | D:3      | Gained mutation: You are covered in fur. (AC +1) [potion of
                  | mutation]
  1732 | D:3      | Reached skill level 7 in Conjurations
  2106 | D:4      | Found a staircase to the Ecumenical Temple.
  2115 | Temple   | Entered the Ecumenical Temple
  2120 | Temple   | Became a worshipper of Sif Muna the Loreminder
  2447 | D:4      | Reached skill level 5 in Spellcasting
  2449 | D:4      | Reached skill level 5 in Dodging
  2449 | D:4      | Reached XP level 7. HP: 32/41 MP: 2/16
  2552 | D:4      | Found a bloodstained altar of Trog.
  2560 | D:4      | Noticed a wizard
  2562 | D:4      | Killed a wizard
  2760 | D:5      | Entered Level 5 of the Dungeon
  2843 | D:5      | Reached * piety under Sif Muna
  2843 | D:5      | Identified Sif Muna's Papyrus of Ashen Black Magic (Sif
                  | Muna gifted it to you on level 5 of the Dungeon)
  2843 | D:5      | Received a gift from Sif Muna
  2843 | D:5      | Reached skill level 8 in Conjurations
  2851 | D:5      | Learned a level 5 spell: Bolt of Draining
  2924 | D:5      | Reached XP level 8. HP: 46/46 MP: 12/19
  3062 | D:5      | Found Geylulej's Weapon Emporium.
  3514 | D:6      | Reached skill level 9 in Conjurations
  3575 | D:6      | Found a runed door.
  3721 | D:6      | Noticed Grinder
  3730 | D:6      | Paralysed by Grinder for 3 turns
  3733 | D:6      | Killed Grinder
  3741 | D:6      | Noticed a brown ugly thing
  3760 | D:6      | Killed a brown ugly thing
  3760 | D:6      | Reached skill level 10 in Conjurations
  3760 | D:6      | Reached XP level 9. HP: 39/51 MP: 1/23
  4017 | D:6      | Found Kullij's Distillery.
  4033 | D:6      | Noticed a troll
  4038 | D:6      | Killed a troll
  4117 | D:6      | Reached ** piety under Sif Muna
  4742 | D:6      | Noticed Crazy Yiuf
  4743 | D:6      | Killed Crazy Yiuf
  4789 | D:7      | Reached skill level 11 in Conjurations
  4886 | D:7      | Reached skill level 10 in Spellcasting
  4981 | D:7      | Reached XP level 10. HP: 56/56 MP: 13/26
  4990 | D:7      | Reached *** piety under Sif Muna
  5032 | D:7      | Identified Sif Muna's Reference Book on Poisoning and
                  | Darkness (Sif Muna gifted it to you on level 7 of the
                  | Dungeon)
  5032 | D:7      | Received a gift from Sif Muna
  5035 | D:7      | Noticed Menkaure
  5038 | D:7      | Learned a level 3 spell: Mephitic Cloud
  5047 | D:7      | Learned a level 2 spell: Blink
  5082 | D:7      | Killed Menkaure
  5125 | D:7      | Noticed Joseph
  5127 | D:7      | Noticed Duvessa
  5137 | D:7      | Noticed Dowan
  5140 | D:7      | Killed Joseph
  5140 | D:7      | Reached skill level 1 in Necromancy
  5141 | D:7      | Killed Duvessa
  5142 | D:7      | Killed Dowan
  5276 | D:7      | Found Seimm's General Store.
  5292 | D:7      | Bought a potion of mutation for 96 gold pieces
  5292 | D:7      | Lost mutation: You have a pair of small horns on your head.
                  | [potion of mutation]
  5292 | D:7      | Lost mutation: You have large cloven feet. [potion of
                  | mutation]
  5292 | D:7      | Lost mutation: You are covered in fur. (AC +1) [potion of
                  | mutation]
  5292 | D:7      | Gained mutation: You possess an exceptional clarity of
                  | mind. [potion of mutation]
  5292 | D:7      | Gained mutation: You expend magic power (3 MP) to
                  | strengthen your wands. [potion of mutation]
  5619 | D:7      | Found a staircase to the Lair.
  5795 | D:8      | Noticed Maurice
  5812 | D:8      | Killed Maurice
  6033 | D:8      | Noticed a two-headed ogre
  6036 | D:8      | Killed a two-headed ogre
  6036 | D:8      | Reached skill level 10 in Dodging
  6036 | D:8      | Reached skill level 12 in Conjurations
  6174 | D:8      | Found Zuweer Olag's Armour Boutique.
  6181 | D:8      | Noticed Gastronok
  6191 | D:8      | Killed Gastronok
  6191 | D:8      | Identified Luromis's Catalogue of Talismans and Ignition
                  | (Sif Muna gifted it to you on level 8 of the Dungeon)
  6191 | D:8      | Received a gift from Sif Muna
  6191 | D:8      | Reached XP level 11. HP: 61/61 MP: 0/29
  6218 | D:8      | Learned a level 5 spell: Fireball
  6224 | D:8      | Learned a level 5 spell: Iskenderun's Battlesphere
  6543 | D:8      | Found a blossoming altar of Fedhas.
  6545 | D:8      | Found a stormy altar of Qazlal.
  6574 | D:8      | Found Gaedgh's Antique Armour Emporium.
  6577 | D:8      | Found Mueschi's Gadget Shoppe.
  6696 | D:8      | Found Ifeseal's Weapon Shop.
  6814 | D:8      | Reached skill level 13 in Conjurations
  6943 | D:9      | Found Athiorgh's Antique Weapon Shoppe.
  6945 | D:9      | Noticed a wolf spider
  6950 | D:9      | Killed a wolf spider
  7232 | D:9      | Reached skill level 1 in Charms
  7853 | D:10     | Entered Level 10 of the Dungeon
  7855 | D:10     | Noticed a two-headed ogre
  7859 | D:10     | Killed a two-headed ogre
  7859 | D:10     | Reached **** piety under Sif Muna
  8211 | D:10     | Received a gift from Sif Muna
  8215 | D:10     | Learned a level 1 spell: Shock
  8283 | D:10     | Reached skill level 1 in Air Magic
  8283 | D:10     | Reached XP level 12. HP: 66/66 MP: 19/31
  8543 | D:10     | Noticed Grum
  8551 | D:10     | Killed Grum
  8700 | D:10     | Found a staircase to the Orcish Mines.
  8705 | D:10     | Reached skill level 14 in Conjurations
  9167 | Orc      | Entered the Orcish Mines
  9344 | Lair:1   | Entered Level 1 of the Lair of Beasts
  9437 | Lair:1   | Reached ***** piety under Sif Muna
  9437 | Lair:1   | Identified Sif Muna's Collected Works on Ignition and
                  | Talismans (Sif Muna gifted it to you on level 1 of the Lair
                  | of Beasts)
  9437 | Lair:1   | Received a gift from Sif Muna
  9864 | Lair:1   | Reached skill level 1 in Fire Magic
 10592 | Lair:1   | Got a jewelled buckler
 10599 | Lair:1   | Identified the +1 buckler of the Crown {rF- Int+9} (You
                  | found it on level 1 of the Lair of Beasts)
 11693 | Lair:2   | Reached XP level 13. HP: 71/71 MP: 24/33
 11857 | Lair:2   | Identified Sif Muna's Almanac of Shifting Summoning (Sif
                  | Muna gifted it to you on level 2 of the Lair of Beasts)
 11857 | Lair:2   | Received a gift from Sif Muna
 12317 | Lair:3   | Found a frozen archway.
 12331 | Lair:3   | Reached skill level 15 in Spellcasting
 12335 | Lair:3   | Reached skill level 15 in Conjurations
 12463 | IceCv    | Entered an ice cave
 12738 | IceCv    | Noticed a frost giant
 12747 | IceCv    | Killed a frost giant
 13127 | IceCv    | Reached skill level 1 in Shields
 13871 | Lair:3   | Received a gift from Sif Muna
 14637 | Lair:4   | Found a staircase to the Swamp.
 14774 | Lair:4   | Got a bloodstained hat
 14785 | Lair:4   | Identified the +2 hat "Kaeqawat" {rElec rF+ Stlth+} (You
                  | found it on level 4 of the Lair of Beasts)
 14824 | Lair:4   | Found a hole to the Spider Nest.
 14968 | Lair:4   | Found a blossoming altar of Fedhas.
 15192 | Lair:5   | Reached skill level 5 in Necromancy
 15411 | Lair:5   | Found a runed translucent gate.
 15411 | Lair:5   | Found a runed translucent gate.
 15411 | Lair:5   | Found a runed translucent gate.
 15418 | Lair:5   | Noticed weresquid's ghost (journeyman DsAc)
 15430 | Lair:5   | Killed weresquid's ghost
 15430 | Lair:5   | Reached XP level 14. HP: 73/76 MP: 11/35
 15579 | Lair:5   | Reached skill level 16 in Conjurations
 15590 | Lair:5   | Identified Sif Muna's Volume of Darkness (Sif Muna gifted
                  | it to you on level 5 of the Lair of Beasts)
 15590 | Lair:5   | Received a gift from Sif Muna
 16299 | Lair:5   | Reached skill level 5 in Air Magic
 16395 | Lair:5   | Found a burning altar of Makhleb.
 16463 | Lair:5   | Found a viscous altar of Jiyva.
 16463 | Lair:5   | Found a staircase to the Slime Pits.
 16551 | Lair:6   | Entered Level 6 of the Lair of Beasts
 16907 | Lair:6   | Reached ****** piety under Sif Muna
 16907 | Lair:6   | Identified Sif Muna's Tome of Creation (Sif Muna gifted it
                  | to you on level 6 of the Lair of Beasts)
 16907 | Lair:6   | Received a gift from Sif Muna
 17555 | Lair:6   | Reached XP level 15. HP: 81/81 MP: 1/37
 18425 | Swamp:1  | Entered Level 1 of the Swamp
 18427 | Swamp:1  | Reached skill level 17 in Conjurations
 18547 | Swamp:1  | Identified Sif Muna's Handbook of Attacks and Earth (Sif
                  | Muna gifted it to you on level 1 of the Swamp)
 18547 | Swamp:1  | Received a gift from Sif Muna
 18655 | Swamp:1  | Found a shimmering blue altar of Sif Muna.
 18793 | Swamp:1  | Reached skill level 15 in Dodging
 19537 | Swamp:2  | Identified Sif Muna's Guide on Execration and Attacks (Sif
                  | Muna gifted it to you on level 2 of the Swamp)
 19537 | Swamp:2  | Received a gift from Sif Muna
 20060 | Swamp:3  | Entered Level 3 of the Swamp
 20255 | Swamp:3  | Reached skill level 18 in Conjurations
 20255 | Swamp:3  | Reached XP level 16. HP: 65/86 MP: 7/39
 20904 | Swamp:3  | Identified Sif Muna's Grimoire of Destructive Protection
                  | (Sif Muna gifted it to you on level 3 of the Swamp)
 20904 | Swamp:3  | Received a gift from Sif Muna
 20920 | Swamp:3  | Noticed a thorn hunter
 20943 | Swamp:3  | Noticed the 27-headed Lernaean hydra
 20951 | Swamp:3  | HP: 1/86 [the 27-headed Lernaean hydra (8)]
 20952 | Swamp:3  | Succumbed to a swamp dragon's poison gas

Skill      XL: |  1  2  3  4  5  6  7  8  9 10 11 12 13 14 15 |
---------------+----------------------------------------------+-----
Conjurations   | 5 6 7 8 10 11 12 13 14 15 16 18 | 18.1
Dodging        | 3 4 5 7 8 10 11 12 13 14 15 | 15.7
Spellcasting   | 3 4 5 6 8 10 12 13 14 15 16 17 | 17.9
Stealth        | 2 3 |  3.9
Necromancy     | 3 4 5 7 8 |  8.8
Charms         | 1 2 4 |  4.2
Air Magic      | 1 3 4 5 6 |  6.3
Fire Magic     | 2 4 |  4.7
Shields        | 1 3 4 |  4.5
Translocations | |  0.2
Evocations     | |  0.8

Action                   |  1- 3 |  4- 6 |  7- 9 | 10-12 | 13-15 | 16-18 || total
-------------------------+-------+-------+-------+-------+-------+-------++-------
 Cast: Magic Dart        |    64 |    50 |    78 |    95 |       |       ||   287
       Iskenderun's Myst |     4 |    21 |    74 |   180 |   390 |    10 ||   679
       Bolt of Draining  |       |       |     9 |    52 |    33 |     1 ||    95
       Mephitic Cloud    |       |       |       |     4 |       |       ||     4
       Iskenderun's Batt |       |       |       |    20 |    74 |     6 ||   100
       Shock             |       |       |       |   104 |   317 |     3 ||   424
       Blink             |       |       |       |     1 |     7 |     2 ||    10
       Fireball          |       |       |       |    15 |    60 |    12 ||    87
Evoke: Wand              |       |       |     1 |       |     4 |       ||     5
  Use: Potion            |       |     4 |     1 |     6 |     3 |     5 ||    19
       Scroll            |       |       |     3 |    12 |    10 |     3 ||    28
  Eat: Chunk             |       |     3 |     5 |    14 |    12 |       ||    34
       Ration            |       |     1 |       |     2 |     4 |     1 ||     8
Armor: Skin              |     2 |     4 |     2 |    13 |    20 |     7 ||    48
Dodge: Dodged            |    14 |    12 |    27 |    82 |   197 |    23 ||   355
Block: Other             |     2 |     1 |     5 |    29 |       |       ||    37
       Buckler           |       |       |       |    12 |   202 |     9 ||   223
